 Dungeon Crawl Stone Soup version 0.29-a0-857-g9b1aa3ac5b (webtiles) character file.

Game seed: 991192999827098138

37 concernfroge the Trooper (level 3, -4/29 HPs)
             Began as a Mummy Monk on July 16, 2022.
             Slain by an orc
             ... wielding a +0 morningstar
              (7 damage)
             ... on level 3 of the Dungeon.
             The game lasted 00:04:43 (1852 turns).

concernfroge the Trooper (Mummy Monk)               Turns: 1852, Time: 00:04:44

Health: -4/29      AC:  3    Str: 16    XL:     3   Next: 23%
Magic:  3/3        EV: 12    Int:  9    God:
Gold:   144        SH:  0    Dex: 14    Spells: 2/2 levels left

rFire   x . .      SeeInvis .   a - +0 spear
rCold   + . .      Faith    .   (no shield)
rNeg    + + +      Spirit   .   b - +0 robe
rPois   ∞          Reflect  .   (no helmet)
rElec   .          Harm     .   (no cloak)
rCorr   .          Rampage  .   f - +0 pair of gloves
Will    .....                   (no boots)
Stlth   ++........              (no amulet)
HPRegen 0.09/turn               (no ring)
MPRegen 0.08/turn               (no ring)

@: weak-willed
A: cold resistance 1, negative energy resistance 3, torment resistance 2, heat
vulnerability 1, in touch with death 1, no potions
a: no special abilities


You were on level 3 of the Dungeon.
You visited 1 branch of the dungeon, and saw 3 of its levels.

You collected 144 gold pieces.

Inventory:

Hand Weapons
 a - a +0 spear (weapon)
Armour
 b - a +0 robe (worn)
 f - a +0 pair of gloves (worn)
Scrolls
 e - a scroll of identify


   Skills:
 + Level 3.4 Fighting
 + Level 2.8 Polearms
 + Level 1.2 Armour
 - Level 2.4 Dodging
 - Level 1.5 Stealth


You had 2 spell levels left.
You didn't know any spells.
Your spell library contained the following spells:

 Spells                   Type           Power      Damage    Failure   Level
 Static Discharge         Conj/Air       0%         3-3/arc   52%         2
 Tukima's Dance           Hex            0%         N/A       77%         3
 Passage of Golubria      Tloc           0%         N/A       99%         4
 Lightning Bolt           Conj/Air       0%         1d11      100%        5
 Summon Forest            Summ/Tloc      0%         N/A       100%        5
 Summon Mana Viper        Hex/Summ       0%         N/A       100%        5
 Yara's Violent Unravell  Hex/Tmut       0%         3d3       100%        5
 Summon Cactus Giant      Summ           0%         N/A       100%        6
 Maxwell's Capacitive Co  Air            0%         ∞         100%        8


Dungeon Overview and Level Annotations

Branches:
Dungeon (3/15)

Altars:

Annotations:
D:2 Natasha


Innate Abilities, Weirdness & Mutations

You are immune to poison.
Your flesh is cold resistant. (rC+)
You are immune to negative energy. (rN+++)
You are immune to unholy pain and torment.
You are vulnerable to heat. (rF-)
You are in touch with the powers of death.
You do not drink.


Message History

You open the door.
There is an open door here.
e - a scroll of identify
There is an open door here.
An orc comes into view. It is wielding a +0 mace.
The orc shouts!
An orc comes into view. It is wielding a +0 morningstar.
An orc priest comes into view. It is wielding a +0 dagger.
You reach to attack!
You closely miss the orc.
The orc priest shouts!
You hear a shout!
The orc priest invokes the aid of Beogh against you.
Beogh smites you!
You hit the orc.
The orc is heavily wounded.
The orc closely misses you.
You hit the orc.
You kill the orc!
You reach to attack!
You hit the orc but do no damage. You hit the orc.
The orc is moderately wounded.
An orc wizard comes into view. It is wielding a +0 dagger.
The orc hits you with a +0 morningstar!
You are too injured to fight recklessly!
You can't drink.
As you read the scroll labelled FOAHINO NAUSAT, it crumbles to dust.
The orc wizard shouts!
Magic quickly surges around you.
It was a scroll of vulnerability.
You hear a shout!
You hear a bark!
The orc barely misses you.
As you read the scroll labelled TUM ZAKOPHON, it crumbles to dust.
It is a scroll of amnesia.
You feel forgetful for a moment.
An orc comes into view. It is wielding a +0 mace.
The orc hits you with a +0 morningstar!
* * * LOW HITPOINT WARNING * * *
There is an open door here.
The orc attacks as you move away! The orc hits you but does no damage.
The orc priest looks satisfied for a moment.
The orc attacks as you move away! The orc hits you with a +0 morningstar!
You die...

,,*,*,****#######†#
,,*,,,,,,,.......)##
,,*,*,****####.....#
,,*,*,* #.##..#####
,,*,*,* #.........#
,,*,*,* #####.##.##
,,*,*,*
#...##.##########
,**,*,*
#.####..........#
,**,*,* #@#
##########.# ,*#,*,*
###o## #.#
,,....########....#
#.#
,,...o.o).o..#.####
#.#
,*#.########.#o#######
#.#
,**,***#####.o.......#
#.#
,**,,,...............#
#.#
,*****#######........#
#.# ,,,,,,,,,*
#.........# #.##


You could see an orc priest (weak-willed), an orc wizard (weak-willed) and an
orc (weak-willed).

Vanquished Creatures
  A dart slug (D:1)
  2 orcs (D:3)
  3 ball pythons
  2 endoplasms (D:1)
  A giant cockroach (D:1)
  3 hobgoblins
  4 quokkas
  3 bats (D:1)
  4 goblins
  4 kobolds
  4 rats
31 creatures vanquished.

Notes
Turn   | Place    | Note
-------+----------+-------------------------------------------
     0 | D:1      | concernfroge the Mummy Monk began the quest for the Orb.
     0 | D:1      | Reached XP level 1. HP: 18/18 MP: 1/1
   414 | D:1      | Reached XP level 2. HP: 19/24 MP: 2/2
   919 | D:1      | Reached skill level 1 in Armour
  1307 | D:2      | Noticed Natasha
  1401 | D:3      | Gained mutation: You are in touch with the powers of death.
                  | [Mummy growth]
  1401 | D:3      | Reached XP level 3. HP: 12/29 MP: 3/3
  1852 | D:3      | Slain by an orc

Illustrated notes

Levels and vault maps discovered:
D:1:      sevenhm_arrival_forest_fort_large_2, layout_loops_cross
D:2:      layout_rooms, ebering_ecumenical_altar_webs, uniq_natasha
D:3:      layout_basic

Skill      XL: |  1  2 |
---------------+-------+-----
Armour         | 1 |  1.2
Fighting       | |  3.4
Polearms       | |  2.8
Dodging        | |  2.4
Stealth        | |  1.5

Action                   || total
-------------------------++-------
Melee: Spear             ||   128
       Punch             ||     1
  Use: Scroll            ||     6
 Stab: Sleeping          ||     5
Armor: Robe              ||    23
Dodge: Dodged            ||    56

Table legend: (Time is in decaauts)
 A = Elapsed time spent in this place.
 B = Non-inter-level travel time spent in this place.
 C = Inter-level travel time spent in this place.
 D = Time resting spent in this place.
 E = Time spent auto-exploring this place.
 F = Levels seen in this place.
 G = Mean time per level.
                   A        B        C        D        E       F      G
               +--------+--------+--------+--------+--------+-----+--------+
         Total |   1847 |   1799 |     48 |     78 |   1442 |   3 |  615.7 |
       Dungeon |   1847 |   1799 |     48 |     78 |   1442 |   3 |  615.7 |
               +--------+--------+--------+--------+--------+-----+--------+

Top non-repeatable levels by time:
     D:1: 1251 daAuts
     D:3: 534 daAuts
     D:2: 60 daAuts
